 Dungeon Crawl Stone Soup version 0.30.1 (webtiles) character file.

Game seed: 1209503008678406382

45 GeoRichter the Poker (level 3, -1/27 HPs)
             Began as a Demonspawn Reaver on July 13, 2023.
             Was a Follower of Kikubaaqudgha.
             Slain by a gnoll
             ... wielding a +0 flail
              (5 damage)
             ... on level 1 of the Dungeon.
             The game lasted 00:02:11 (1147 turns).

GeoRichter the Poker (Demonspawn Reaver)            Turns: 1147, Time: 00:02:11

Health: -1/27      AC:  4    Str: 12    XL:     3   Next: 42%
Magic:  6/6        EV: 11    Int: 16    God:    Kikubaaqudgha [*.....]
Gold:   121        SH:  0    Dex: 11    Spells: 4/6 levels left

rFire   . . .        a - +0 spear
rCold   . . .        (no shield)
rNeg    . . .        b - +0 leather armour
rPois   .            (no helmet)
rElec   .            (no cloak)
rCorr   .            c - +0 pair of gloves
SInv    .            (no boots)
Will    .....        (no amulet)
Stlth   +            (no ring)
HPRegen 0.24/turn    (no ring)
MPRegen 0.10/turn

%: no passive effects
@: no status effects
A: demonic magic 1
a: Renounce Religion, Unearth Wretches


You were on level 1 of the Dungeon.
You worshipped Kikubaaqudgha.
Kikubaaqudgha was aware of your devotion.
You visited 1 branch of the dungeon, and saw 2 of its levels.

You collected 121 gold pieces.

Inventory:

Hand Weapons
 a - a +0 spear (weapon)
Armour
 b - a +0 leather armour (worn)
 c - a +0 pair of gloves (worn)
   (You found it on level 1 of the Dungeon)
Scrolls
 f - a scroll of torment {unknown}
 g - a scroll of noise {unknown}
 h - 2 scrolls of poison {unknown}
 i - a scroll of blinking {unknown}
 j - a scroll of amnesia {unknown}
Potions
 d - 3 potions of curing {unknown}
 e - a potion of lignification {unknown}


   Skills:
 - Level 2.0 Fighting
 - Level 3.4 Polearms
 - Level 1.7 Dodging
 + Level 2.3 Spellcasting
 - Level 3.0 Conjurations
 * Level 1.8 Necromancy


You had 4 spell levels left.
You knew the following spells:

 Your Spells              Type           Power      Damage    Failure   Level
a - Kiss of Death         Conj/Necr      36%        2d8       10%         1
b - Necrotise             Necr           28%        1d5       12%         1

Your spell library contained the following spells:

 Spells                   Type           Power      Damage    Failure   Level
 Sublimation of Blood     Necr           7%         N/A       19%         2
 Momentum Strike          Conj/Tloc      12%        3d8       22%         2
 Cigotuvi's Dreadful Rot  Necr/Pois/Air  6%         N/A       30%         2
 Wereblood                Tmut           1%         N/A       36%         2
 Hailstorm                Conj/Ice       6%         3d4       38%         3
 Animate Dead             Necr           7%         N/A       77%         4
 Summon Hydra             Summ           0%         N/A       100%        7
 Chain Lightning          Conj/Air       3%         3d4       100%        9
 Fire Storm               Conj/Fire      3%         8d1       100%        9
 Shatter                  Erth           0%         3d5*      100%        9


Dungeon Overview and Level Annotations

Branches:
Dungeon (2/15) Zot: 10859

Altars:
Kikubaaqudgha


Innate Abilities, Weirdness & Mutations

Spells you cast may paralyse adjacent enemies.


Message History

You see here a +0 whip.
Found a scroll labelled TAUDGH WYICI.
h - 2 scrolls labelled TAUDGH WYICI (gained 1)
Found a scroll labelled JUK JAYRUMIE.
j - a scroll labelled JUK JAYRUMIE A gnoll is nearby!
A gnoll is nearby!
A gnoll is nearby!
The gnoll shouts!
You hear a shout! x2
A bat comes into view.
The bat moves out of view.
A gnoll comes into view. It is wielding a +0 club.
The gnoll shouts! x3
The gnoll shouts!
You hear a shout!
The bat misses you. The bat barely misses you.
The gnoll hits you but does no damage.
You reach to attack!
You hit the gnoll.
The gnoll is moderately wounded.
You barely miss the gnoll.
The gnoll is moderately wounded.
The gnoll hits you with a +0 flail. The gnoll attacks as you move away!
The gnoll hits you with a +0 flail!
There is a stone staircase leading up here.
The gnoll hits you with a +0 flail.
* * * LOW HITPOINT WARNING * * *
The gnoll misses you.
You climb upwards.
There is a stone staircase leading down here.
You hit the gnoll.
The gnoll is heavily wounded.
The gnoll hits you with a +0 flail.
* * * LOW HITPOINT WARNING * * *
You closely miss the gnoll.
The gnoll is heavily wounded.
The gnoll closely misses you.
You barely miss the gnoll.
The gnoll is heavily wounded.
The gnoll barely misses you.
You closely miss the gnoll.
The gnoll is heavily wounded.
The gnoll barely misses you.
You barely miss the gnoll.
The gnoll is heavily wounded.
The gnoll hits you with a +0 flail!
* * * LOW HITPOINT WARNING * * *
You hit the gnoll.
The gnoll is severely wounded.
The gnoll hits you with a +0 flail.
You die...
Kikubaaqudgha rasps: "You have failed me!
Welcome... death!"

####.#####...####......#
..........[............#
####.######...##.#'##### ...#.#
#......#.# .#.#.# ##.#...#.#
.#+#+### #.#...#.# .......#
#.#...#.# .......# #.#..g#.#
.......# ##.#..@#.# #####
.#)#+### #..##..#.###...#
.#.#.# #..##..#.#...#.######
.#.#.######......#.#..........#
##......†........#.#..##.####.#
.....######....#.#)#..##.# #.#
####.#....#..#.#......##.# #.#
###.#.##.#......#.##.##.# #.#
#.###..#.#..#.#.#.#.....# #.#


You could see a gnoll.

Vanquished Creatures
  A gnoll (D:2)
  2 bats (D:1)
  2 endoplasms
  A giant cockroach (D:1)
  3 goblins (D:1)
  A hobgoblin (D:1)
  9 jackals (D:1)
  3 kobolds (D:1)
  A quokka (D:1)
  2 ball pythons
  2 frilled lizards (D:1)
  3 rats (D:1)
30 creatures vanquished.

Notes
Turn   | Place    | Note
-------+----------+-------------------------------------------
     0 | D:1      | GeoRichter the Demonspawn Reaver began the quest for the
                  | Orb.
     0 | D:1      | Reached XP level 1. HP: 16/16 MP: 3/3
   186 | D:1      | Gained mutation: Spells you cast may paralyse adjacent
                  | enemies. [demonic ancestry]
   186 | D:1      | Reached XP level 2. HP: 20/22 MP: 5/5
   389 | D:1      | Found a faded altar of an unknown god.
   406 | D:1      | Prayed at the altar of an unknown god.
   406 | D:1      | Became a worshipper of Kikubaaqudgha
   406 | D:1      | Reached * piety under Kikubaaqudgha
   406 | D:1      | Received a gift from Kikubaaqudgha
   640 | D:1      | Reached skill level 1 in Necromancy
   649 | D:1      | Reached XP level 3. HP: 25/27 MP: 6/6
   871 | D:1      | Learned a level 1 spell: Necrotise
  1147 | D:1      | Slain by a gnoll

Illustrated notes

Levels and vault maps discovered:
D:1:      lightli_arrival_maybe_door_vault, layout_basic,
          hellmonk_ecumenical_altar_run_dry
D:2:      layout_basic, basic_altar, nicolae_grassy_gnolls

Skill      XL: |  1  2 |
---------------+-------+-----
Polearms       | 3 |  3.4
Necromancy     | 1 |  1.8
Fighting       | |  2.0
Dodging        | |  1.7
Spellcasting   | |  2.3
Conjurations   | |  3.0

Action                     || total
---------------------------++-------
  Melee: Spear             ||   142
 Armour: Leather armour    ||    30
  Dodge: Dodged            ||    73
